 Dungeon Crawl Stone Soup version 0.27.1-34-g3ba077fa99 (webtiles) character file.

Game seed: 756878816214209743

830 Flarelocke the Chiller (level 8, -1/52 HPs)
             Began as a Human Ice Elementalist on Jan 11, 2022.
             Was a Priest of Cheibriados.
             Slain by a wyvern skeleton (9 damage)
             ... on level 5 of the Dungeon.
             The game lasted 00:17:07 (5456 turns).

Flarelocke the Chiller (Human Ice Elementalist)     Turns: 5456, Time: 00:17:09

Health: -1/52      AC: 12    Str: 17    XL:     8   Next: 18%
Magic:  10/14      EV: 15    Int: 24    God:    Cheibriados [***...]
Gold:   253        SH:  0    Dex: 23    Spells: 8/15 levels left

rFire    . . .     SeeInvis +   v - +1 dagger (venom)
rCold    . . .     Faith    .   (no shield)
rNeg     . . .     Spirit   .   a - +0 robe
rPois    .         Reflect  .   e - +2 helmet {SInv}
rElec    .         Harm     .   (no cloak)
rCorr    .         Rampage  .   (no gloves)
Will     .....                  (no boots)
Stlth    +++.......             (no amulet)
HPRegen  0.17/turn              (no ring)
MPRegen  0.14/turn              (no ring)

@: ice-armoured, very slow
A: no striking features
a: Renounce Religion, Bend Time, Temporal Distortion


You were on level 5 of the Dungeon.
You worshipped Cheibriados.
Cheibriados was most pleased with you.
You visited 1 branch of the dungeon, and saw 5 of its levels.
You also visited: Sewer.

You collected 253 gold pieces.

Inventory:

Hand Weapons
 v - a +1 dagger of venom (weapon)
Missiles
 o - a throwing net
Armour
 a - a +0 robe (worn)
 e - a +2 helmet of see invisible (worn)
 p - a +0 leather armour
Scrolls
 c - a scroll of noise {unknown}
 f - 2 scrolls of enchant armour
 g - 2 scrolls of teleportation {unknown}
 h - a scroll of identify
 i - a scroll of brand weapon {unknown}
 k - a scroll of acquirement {unknown}
 s - a scroll of torment {unknown}
 t - a scroll of fear {unknown}
 w - a scroll of enchant weapon {unknown}
Potions
 b - a potion of lignification
 d - a potion of flight
 j - a potion of invisibility
 l - a potion of degeneration {unknown}
 m - 4 potions of might
 n - a potion of magic {unknown}
 q - a potion of brilliance {unknown}
 r - a potion of ambrosia {unknown}
 u - a potion of heal wounds {unknown}


   Skills:
 + Level 4.5 Dodging
 - Level 4.0 Stealth
 + Level 4.2 Spellcasting
 + Level 2.0 Conjurations
 + Level 2.0 Necromancy
 + Level 5.8 Ice Magic


You had 8 spell levels left.
You knew the following spells:

 Your Spells              Type           Power      Damage    Failure   Level
a - Freeze                Ice            100%       1d11      1%          1
b - Ozocubu's Armour      Ice            33%        N/A       2%          3
c - Frozen Ramparts       Ice            66%        1d8       2%          3

Your spell library contained the following spells:

 Spells                   Type           Power      Damage    Failure   Level
 Animate Skeleton         Necr           28%        N/A       4%          1
 Pain                     Necr           56%        1d6       4%          1
 Sublimation of Blood     Necr           7%         N/A       6%          2
 Vampiric Draining        Necr           7%         2d7       12%         3
 Passwall                 Tmut/Erth      4%         N/A       14%         2
 Wereblood                Tmut           5%         N/A       14%         2
 Stone Arrow              Conj/Erth      18%        3d8       19%         3
 Hailstorm                Conj/Ice       24%        3d7       19%         4
 Swiftness                Air            5%         N/A       28%         3
 Animate Armour           Summ/Erth      10%        N/A       67%         4
 Invisibility             Hex            2%         N/A       100%        6
 Summon Hydra             Summ           2%         N/A       100%        7
 Lehudib's Crystal Spear  Conj/Erth      4%         10d3      100%        8


Dungeon Overview and Level Annotations

Branches:
Dungeon (5/15)              Sewer (visited)
 Temple: D:4-7

Altars:
Cheibriados
Nemelex Xobeh
Yredelemnul

Annotations:
D:2 Sigmund


Message History

A wyvern skeleton is nearby!
You hit the wyvern skeleton.
The wyvern skeleton is lightly damaged.
The wyvern skeleton misses you.
You hit the wyvern skeleton.
The wyvern skeleton is lightly damaged.
The wyvern skeleton bites you but does no damage.
You hit the wyvern skeleton.
The wyvern skeleton is lightly damaged.
The wyvern skeleton bites you! The wyvern skeleton bites you.
You hit the wyvern skeleton.
The wyvern skeleton is lightly damaged.
The wyvern skeleton barely misses you.
Casting: Ozocubu's Armour (dangerous; 2% risk of failure)
Confirm with . or Enter, or press ? or * to list all spells.
A film of ice covers your body! The wyvern skeleton barely misses you.
You hit the wyvern skeleton.
The wyvern skeleton is moderately damaged.
The wyvern skeleton closely misses you.
The wyvern skeleton bites you but does no damage.
You barely miss the wyvern skeleton.
The wyvern skeleton is moderately damaged.
The wyvern skeleton bites you!
You hit the wyvern skeleton.
The wyvern skeleton is moderately damaged.
The wyvern skeleton closely misses you.
You hit the wyvern skeleton.
The wyvern skeleton is moderately damaged.
The wyvern skeleton bites you!
* * * LOW HITPOINT WARNING * * *
The wyvern skeleton misses you.
Casting: Ozocubu's Armour (dangerous; 2% risk of failure)
Confirm with . or Enter, or press ? or * to list all spells.
Aiming: Freeze (safe; 1% risk of failure)
Press: ? - help, Shift-Dir - straight line, f - wyvern skeleton
Aim: a wyvern skeleton (moderately damaged)
You freeze the wyvern skeleton.
The wyvern skeleton resists.
The wyvern skeleton is heavily damaged.
The wyvern skeleton bites you!
You die...

#.#.≈≈≈.............#.#
...#..≈..........(.....#
.....#.).................##
#.##..####..................##
Z #.# #.................... #.
#)................... ..
#....................
##........>..........
##.@Z...............
######................
................#...[..
#######.........#......
#.........####### ###########


You could see a wyvern skeleton.

Vanquished Creatures
  A water moccasin (Sewer)
  2 ogres (D:5)
  Blork the orc (D:5)
  2 scorpions (D:5)
  A hound (D:5)
  A jelly (D:4)
  A gnoll shaman (D:4)
  An iguana (D:5)
  2 orc wizards
  4 adders
  7 gnolls (D:4)
  A worm (D:4)
  4 dart slugs (D:2)
  9 orcs
  7 bats
  7 endoplasms
  10 giant cockroaches
  3 goblins
  5 hobgoblins
  2 jackals (Sewer)
  3 quokkas
  5 ball pythons
  6 frilled lizards
  11 kobolds
  5 rats
101 creatures vanquished.

Notes
Turn   | Place    | Note
-------+----------+-------------------------------------------
     0 | D:1      | Flarelocke the Human Ice Elementalist began the quest for
                  | the Orb.
     0 | D:1      | Reached XP level 1. HP: 13/13 MP: 3/3
   235 | D:1      | Reached XP level 2. HP: 19/19 MP: 3/5
   836 | D:1      | Reached XP level 3. HP: 24/24 MP: 4/6
  1040 | D:1      | Found a faded altar of an unknown god.
  1047 | D:1      | Became a worshipper of Cheibriados the Contemplative
  1047 | D:1      | Reached * piety under Cheibriados
  1678 | D:2      | Reached XP level 4. HP: 20/30 MP: 2/7
  1742 | D:2      | Noticed Sigmund
  2444 | D:3      | Reached ** piety under Cheibriados
  2471 | D:3      | Found a glowing drain.
  2475 | Sewer    | Entered a sewer
  2593 | Sewer    | Noticed a water moccasin
  2603 | Sewer    | Killed a water moccasin
  2604 | Sewer    | Reached XP level 5. HP: 15/35 MP: 2/9
  2604 | Sewer    | Reached XP level 6. HP: 18/41 MP: 2/10
  3768 | D:4      | Reached skill level 5 in Ice Magic
  3865 | D:4      | Learned a level 3 spell: Ozocubu's Armour
  3869 | D:4      | Learned a level 3 spell: Frozen Ramparts
  3966 | D:4      | Reached *** piety under Cheibriados
  4007 | D:4      | Reached XP level 7. HP: 42/46 MP: 8/12
  4356 | D:4      | Found a basalt altar of Yredelemnul.
  4365 | D:4      | Found a sparkling altar of Nemelex Xobeh.
  4814 | D:5      | Entered Level 5 of the Dungeon
  4891 | D:5      | Reached skill level 1 in Conjurations
  4891 | D:5      | Reached skill level 1 in Necromancy
  5069 | D:5      | Reached XP level 8. HP: 28/52 MP: 7/14
  5339 | D:5      | Noticed Blork the orc
  5358 | D:5      | Killed Blork the orc
  5456 | D:5      | Slain by a wyvern skeleton

Illustrated notes

Levels and vault maps discovered:
D:1:      co_arrival_square_in_a_square_in_a_square, layout_loops_cross,
          ebering_ecumenical_altar_petrified, chequers_serial_rivers_large_a,
          minmay_statues_item, minmay_stone_trees_medium, minmay_box_of_dots
D:2:      layout_basic, uniq_sigmund
D:3:      layout_basic, gup_sewer_entry_bowl
D:4:      layout_basic, mainiacjoe_overflow_large_starburst, roderic_lattice_a,
          minmay_crystal_room
D:5:      layout_rooms, minmay_temple_entry_hall, minmay_tree_intersection,
          chequers_serial_rivers_small_a, nicolae_elemental_shop,
          uniq_blork_the_orc

Skill      XL: |  1  2  3  4  5  6  7  8 |
---------------+-------------------------+-----
Dodging        | 3 4 |  4.5
Stealth        | 3 4 |  4.0
Spellcasting   | 3 4 |  4.2
Ice Magic      | 5 |  5.8
Conjurations   | 1 2 |  2.0
Necromancy     | 1 2 |  2.0

Action                   |  1- 3 |  4- 6 |  7- 9 || total
-------------------------+-------+-------+-------++-------
Melee: Unarmed           |    27 |       |       ||    27
       Club              |     1 |       |       ||     1
       Dagger            |     3 |    18 |    54 ||    75
 Cast: Freeze            |    53 |    69 |     6 ||   128
       Frozen Ramparts   |       |     1 |     7 ||     8
       Ozocubu's Armour  |       |       |     4 ||     4
  Use: Scroll            |       |     5 |       ||     5
 Stab: Sleeping          |       |     2 |     1 ||     3
Armor: Robe              |    14 |    12 |     9 ||    35
Dodge: Dodged            |    46 |    42 |    33 ||   121
